 Dungeon Crawl Stone Soup version 0.31.0-12-g77e489cdc1 (webtiles) character file.

Game seed: 198986934495562727

44 Tovical the Conjurer (level 3, 0/22 HPs)
             Began as a Tengu Reaver on Mar 3, 2024.
             Slain by a gnoll
             ... wielding a +0 whip
              (8 damage)
             ... on level 2 of the Dungeon.
             The game lasted 00:06:42 (1145 turns).

Tovical the Conjurer (Tengu Reaver)                 Turns: 1145, Time: 00:06:42

Health: 0/22       AC:  3    Str: 14    XL:     3   Next: 62%
Magic:  7/7        EV: 12    Int: 13    God:
Gold:   83         SH:  0    Dex: 12    Spells: 5/6 levels left

rFire   . . .        a - +0 falchion
rCold   . . .        (no shield)
rNeg    . . .        b - +0 leather armour
rPois   .            (helmet restricted)
rElec   .            d - scarf {shadows}
rCorr   .            (no gloves)
SInv    .            (boots unavailable)
Will    .....        (no amulet)
Stlth   +            (no ring)
HPRegen 0.23/turn    (no ring)
MPRegen 0.10/turn

%: acrobat
@: no status effects
A: beak, talons 3, acrobatic
a: no special abilities


You were on level 2 of the Dungeon.
You visited 1 branch of the dungeon, and saw 3 of its levels.

You collected 83 gold pieces.

Inventory:

Hand Weapons
 a - a +0 falchion (weapon)
Armour
 b - a +0 leather armour (worn)
 d - a scarf of shadows (worn)
Scrolls
 c - a scroll of revelation {unknown}
 g - a scroll of fog {unknown}
 h - a scroll of amnesia {unknown}
 i - a scroll of blinking {unknown}
Potions
 e - a potion of curing {unknown}
 f - a potion of might {unknown}
 j - a potion of invisibility {unknown}
 k - a potion of haste {unknown}


   Skills:
 + Level 2.5 Fighting
 + Level 3.7 Long Blades
 + Level 2.9 Dodging
 - Level 2.0 Spellcasting
 - Level 4.0 Conjurations
 + Level 1.3 Necromancy


You had 5 spell levels left.
You knew the following spells:

 Your Spells              Type           Power      Damage    Failure   Level
a - Kiss of Death         Conj/Necr      32%        2d7       11%         1

Your spell library contained the following spells:

 Spells                   Type           Power      Damage    Failure   Level
 Momentum Strike          Conj/Tloc      12%        3d8       22%         2
 Hailstorm                Conj/Ice       6%         3d5       38%         3
 Summon Forest            Summ/Tloc      0%         N/A       100%        5
 Summon Mana Viper        Hex/Summ       1%         N/A       100%        5
 Summon Cactus Giant      Summ           0%         N/A       100%        6


Dungeon Overview and Level Annotations

Branches:
Dungeon (3/15)

Altars:

Shops:
D:1 [:=*   D:2 *


Innate Abilities, Weirdness & Mutations

You have a beak for a mouth.
You have claws for feet.
You can magically evade attacks while moving or waiting.


Message History

You see here a ball python corpse.
j - a brown potion A ball python comes into view.
The ball python closely misses you. The ball python completely misses you.
You slash the ball python!
You kill the ball python!
No target in view!
No target in view!
k - a smoky white potion A gnoll comes into view.
It is wielding a +0 club.
You start waiting.
A gnoll is nearby!
You slash the gnoll! Your kick misses the gnoll. You peck the gnoll.
You kill the gnoll!
Things that are here:
a +0 club; a gnoll corpse A gnoll comes into view.
It is wielding a +0 whip.
The gnoll shouts!
A gnoll comes into view. It is wielding a +0 whip.
The gnoll shouts!
Things that are here:
a +0 club; a gnoll corpse You hit the gnoll.
Your kick misses the gnoll.
The gnoll is moderately wounded.
The gnoll hits you with a +0 whip!
You hit the gnoll.
The gnoll is heavily wounded.
The gnoll hits you with a +0 whip.
You hit the gnoll.
The gnoll is severely wounded.
The gnoll hits you with a +0 whip.
You are too injured to fight recklessly!
You are too injured to fight recklessly!
You hit the gnoll.
The gnoll is almost dead.
The gnoll barely misses you.
You barely miss the gnoll. Your peck misses the gnoll.
The gnoll is almost dead.
The gnoll hits you with a +0 whip!
You die...

# . ... # ### #g.# .
..... #.. .g# ###
#...###.# ..# ..
#.....#.###.#.# ####.#
#.....#@#....#.# ..##.#
###.....#g#.##..#.
.....#.#....†..#g)......#
.....#.......#.#...#.....
#....###.................
#....# #.................
#....# #.................
#....# #.......#####.....
#....# #..#........ .##.


You could see 2 gnolls.

Vanquished Creatures
  A gnoll (D:2)
  2 bats (D:1)
  3 endoplasms (D:1)
  A giant cockroach (D:1)
  3 goblins (D:1)
  5 hobgoblins (D:1)
  3 kobolds (D:1)
  A quokka (D:1)
  4 ball pythons
  2 frilled lizards (D:1)
  5 rats
30 creatures vanquished.

Notes
Turn   | Place    | Note
-------+----------+-------------------------------------------
     0 | D:1      | Tovical the Tengu Reaver began the quest for the Orb.
     0 | D:1      | Reached XP level 1. HP: 12/12 MP: 4/4
    87 | D:1      | Reached XP level 2. HP: 12/17 MP: 6/6
   300 | D:1      | Found Ceenuc's Assorted Antiques.
   397 | D:1      | Reached skill level 1 in Necromancy
   492 | D:1      | Reached XP level 3. HP: 19/22 MP: 7/7
   563 | D:1      | Found Kiank's Book Emporium.
   633 | D:1      | Found Patwag Xuol's Armour Boutique.
   839 | D:1      | Found Xizin's Jewellery Emporium.
   952 | D:2      | Found Rueqy Ochux's Assorted Antiques.
  1145 | D:2      | Slain by a gnoll

Illustrated notes

Levels and vault maps discovered:
D:1:      lemuel_arrival_rhombus, layout_rooms, serial_shops, shop,
          nicolae_shop_waterfront, nicolae_lakefront_shop,
          nicolae_shop_overgrown_old_shop, serial_rivers,
          chequers_serial_rivers_room_a, chequers_serial_rivers_large_a,
          chequers_serial_rivers_small_b, chequers_serial_rivers_micro_a,
          chequers_serial_rivers_micro_d, serial_bayou_pond_c
D:2:      wad_pebble_path, layout_basic, serial_shops, shop, minmay_quantized
D:3:      minmay_door_path, layout_basic, serial_shops, shop,
          basic_ecumenical_altar

Skill      XL: |  1  2 |
---------------+-------+-----
Necromancy     | 1 |  1.3
Fighting       | |  2.5
Long Blades    | |  3.7
Dodging        | |  2.9
Spellcasting   | |  2.0
Conjurations   | |  4.0

Action                     || total
---------------------------++-------
  Melee: Falchion          ||    69
         Kick              ||     7
         Peck              ||     4
 Armour: Leather armour    ||    25
  Dodge: Dodged            ||    50
